 Dungeon Crawl Stone Soup version 0.29.1-12-g30fa7ad0bf (webtiles) character file.

Game seed: 18368816221773658643

8806 Radix the Fighter (level 11, -4/72 HPs)
             Began as a Gargoyle Cinder Acolyte on Dec 16, 2022.
             Was a Follower of Ignis.
             Slain by a yak (11 damage)
             ... on level 1 of the Lair of Beasts.
             The game lasted 01:14:45 (9129 turns).

Radix the Fighter (Gargoyle Cinder Acolyte)         Turns: 9129, Time: 01:14:45

Health: -4/72      AC: 18    Str: 17    XL:     11   Next: 36%
Magic:  19/23      EV: 11    Int: 20    God:    Ignis [*.....]
Gold:   493        SH:  0    Dex:  5    Spells: 14/26 levels left

rFire   + . .      SeeInvis +   a - +3 mace (flame)
rCold   . . .      Faith    .   (no shield)
rNeg    + . .      Spirit   .   G - +5 robe of Night {Dark Will+ SInv}
rPois   ∞          Reflect  .   m - +1 helmet
rElec   +          Harm     .   t - +0 cloak
rCorr   .          Rampage  .   (no gloves)
Will    +....                   (no boots)
Stlth   +.........              n - amulet of magic regeneration
HPRegen 0.22/turn               d - ring of see invisible
MPRegen 0.58/turn               (no ring)

@: about to teleport, attractive, flying
A: sickness immunity, AC +8, negative energy resistance 1, electricity
resistance, torment resistance 1, petrification resistance
a: Renounce Religion, Fiery Armour, Foxfire Swarm


You were on level 1 of the Lair of Beasts.
You worshipped Ignis.
Ignis was aware of your devotion.
You visited 2 branches of the dungeon, and saw 9 of its levels.
You also visited: Ossuary.

You collected 493 gold pieces.

Inventory:

Hand Weapons
 a - a +3 mace of flaming (weapon)
 Q - a +4 great sword of freezing
Missiles
 p - 2 javelins
Armour
 b - a +0 robe
 h - a +0 leather armour
 k - a +1 ring mail of fire resistance
 m - a +1 helmet (worn)
 o - a +0 tower shield
 t - a +0 cloak (worn)
 x - +0 acid dragon scales
 G - the +5 robe of Night (worn) {Dark Will+ SInv}
   (You found it on level 7 of the Dungeon)

   It shrouds the wearer in darkness, reducing the range at which they can see
   and be seen by others.
   SInv:      It lets you see invisible.
   Will:      It increases your willpower.
Jewellery
 d - a ring of see invisible (left hand)
 f - a ring of positive energy
 n - an amulet of magic regeneration (around neck)
 I - a ring of see invisible
 M - a ring of wizardry
 O - an amulet of the acrobat
Wands
 g - a wand of flame (10) (quivered)
 y - a wand of mindburst (11)
 z - a wand of digging (4)
Scrolls
 c - 4 scrolls of teleportation
 l - 2 scrolls of magic mapping
 q - 2 scrolls of fog
 w - 2 scrolls of fear
 A - 5 scrolls of identify
 C - a scroll of noise
 E - a scroll of summoning
 H - 3 scrolls of immolation
 J - 3 scrolls of vulnerability
 P - a scroll of amnesia
 R - a scroll of enchant armour
Potions
 e - 3 potions of degeneration {unknown}
 i - 4 potions of attraction
 r - 2 potions of flight
 s - a potion of cancellation {unknown}
 u - 4 potions of mutation {unknown}
 B - a potion of lignification {unknown}
 D - a potion of invisibility {unknown}
 L - a potion of brilliance {unknown}


   Skills:
 - Level 10.0 Fighting
 - Level 8.4 Maces & Flails
 + Level 8.2 Spellcasting
 + Level 3.5 Conjurations
 + Level 9.4 Fire Magic


You had 14 spell levels left.
You knew the following spells:

 Your Spells              Type           Power      Damage    Failure   Level
a - Scorch                Fire           92%        2d9       1%          2
b - Conjure Flame         Conj/Fire      34%        6-21      1%          3
c - Flame Wave            Conj/Fire      34%        2d10      6%          4
d - Magic Dart            Conj           88%        1d7       1%          1
e - Searing Ray           Conj           44%        2d6       3%          2

Your spell library contained the following spells:

 Spells                   Type           Power      Damage    Failure   Level
 Sticky Flame             Conj/Fire      34%        2d5       6%          4
 Beastly Appendage        Tmut           16%        N/A       9%          1
 Summon Small Mammal      Summ           32%        N/A       9%          1
 Wereblood                Tmut           8%         N/A       13%         2
 Call Canine Familiar     Summ           8%         N/A       26%         3
 Spider Form              Tmut/Pois      8%         N/A       26%         3
 Summon Guardian Golem    Hex/Summ       8%         N/A       26%         3
 Swiftness                Air            8%         N/A       26%         3
 Fulminant Prism          Conj/Hex       7%         3d7       38%         4
 Fire Storm               Conj/Fire      17%        8d4       100%        9


Dungeon Overview and Level Annotations

Branches:
Dungeon (8/15)             Temple (0/1) D:5            Lair (1/5) D:8
Ossuary (visited)

Altars:
Cheibriados
Okawaru
Qazlal
Sif Muna
Uskayaw
Vehumet
Xom


Innate Abilities, Weirdness & Mutations

You are immune to sickness and miasma.
Your stone body is resilient. (AC +8)
You are immune to poison.
You resist negative energy. (rN+)
You are resistant to electric shocks. (rElec)
You are resistant to unholy torment.
You are immune to petrification.


Message History

You barely miss the death yak.
The death yak is severely wounded.
The death yak gores you!
You hit the death yak. You burn the death yak.
The death yak is severely wounded.
The death yak completely misses you.
You hit the death yak. You burn the death yak.
The death yak is severely wounded.
The death yak gores you!
* * * LOW HITPOINT WARNING * * *
It was a potion of attraction.
You feel attractive to monsters.
The death yak is no longer more vulnerable to fire.
The death yak gores you!
* * * LOW HITPOINT WARNING * * *
The death yak attacks as you move away!
The death yak gores you but does no damage.
As you read the scroll of fear, it crumbles to dust.
You assume a fearsome visage.
The death yak looks frightened!
The yak is attracted toward you. The death yak is attracted toward you.
It was a potion of flight.
You feel very buoyant.
You fly up into the air.
The yak closely misses you. The death yak is attracted toward you.
As you read the scroll of teleportation, it crumbles to dust.
You feel strangely unstable. The yak barely misses you.
The death yak is attracted toward you.
Casting: Scorch (safe; 1% risk of failure)
Confirm with . or Enter, or press ? or * to list all spells.
Casting: Flame Wave (dangerous; 6% risk of failure)
Press: ? - help, Dir - look around, f - activate A wave of flame ripples out!
The flame wave engulfs the yak.
The yak is lightly wounded.
The flame wave engulfs the death yak.
The death yak is severely wounded.
Your attack snaps the death yak out of its fear. (Press . to intensify the flame waves.)
You hear a bellow!
The yak gores you!
You die...

........####...........#.
.....P....................
..................##.Y....
.................Y.......Y
...............Y.#....!...
.....#.......[..##.......#
...............#.###....#
.............#§Y##.....
..†##........#§Y@...##.
..#######..#####...#.# .##
##.#..###.....# .#
###.###..#..###..#. .##
#..#####...#####...
..##.#..#.#......#...# .
....###.....###.....# .#.
...## ##...###.#...#####...#
....###..P..##.......#...#..


You could see a death yak (fleeing) and a yak.

Vanquished Creatures
  6 elephants (Lair:1)
  A torpor snail (Lair:1)
  A cane toad (Lair:1)
  Maggie (D:8)
  A komodo dragon (D:8)
  6 dream sheep (D:7)
  2 shadows (D:7)
  Menkaure (D:4)
  Edmund (D:4)
  3 water moccasins
  A hornet zombie (Ossuary)
  An ice beast (D:8)
  4 black bears
  A sky beast (D:7)
  An ogre (D:5)
  2 phantoms
  3 centaurs
  A kobold brigand (D:8)
  7 scorpions
  2 necrophages
  A water moccasin zombie (Ossuary)
  3 wyvern zombies (Ossuary)
  6 wights
  2 howler monkeys (D:8)
  An electric eel (Lair:1)
  4 centaur zombies (Ossuary)
  2 bullfrog zombies (Ossuary)
  7 hounds
  3 orc priests
  A jelly (D:7)
  14 mummies (Ossuary)
  Jessica (D:2)
  A gnoll bouda (D:5)
  5 iguanas
  4 orc wizards
  2 killer bee zombies (Ossuary)
  Robin (D:4)
  3 howler monkey zombies (Ossuary)
  5 gnolls
  8 adders
  2 white imps (D:7)
  A worm (D:2)
  6 dart slugs
  16 orcs
  5 endoplasms
  3 giant cockroaches
  12 goblins
  9 hobgoblins
  11 kobolds
  6 quokkas
  8 ball pythons
  4 bats
  5 frilled lizards
  2 rats
210 creatures vanquished.

Vanquished Creatures (collateral kills)
  A foxfire (Ossuary)
1 creature vanquished.

Vanquished Creatures (others)
  A goblin (D:4)
  70 foxfires
  7 plants
  4 withered plants (Ossuary)
82 creatures vanquished.

Grand Total: 293 creatures vanquished

Notes
Turn   | Place    | Note
-------+----------+-------------------------------------------
     0 | D:1      | Radix the Gargoyle Cinder Acolyte began the quest for the
                  | Orb.
     0 | D:1      | Reached XP level 1. HP: 14/14 MP: 2/2
   174 | D:1      | Reached XP level 2. HP: 19/19 MP: 3/3
   235 | D:1      | Reached XP level 3. HP: 22/23 MP: 5/5
   319 | D:1      | Found a faded altar of an unknown god.
  1012 | D:2      | Learned a level 2 spell: Scorch
  1281 | D:2      | Reached XP level 4. HP: 23/29 MP: 3/6
  1351 | D:2      | Found an iron altar of Okawaru.
  1519 | D:2      | Noticed Jessica
  1520 | D:2      | Killed Jessica
  2329 | D:3      | Reached XP level 5. HP: 32/33 MP: 6/8
  2907 | D:3      | Reached skill level 4 in Fighting
  3069 | D:4      | Reached XP level 6. HP: 36/38 MP: 4/10
  3230 | D:4      | Found a stormy altar of Qazlal.
  3262 | D:4      | Noticed Edmund
  3289 | D:4      | Killed Edmund
  3290 | D:4      | Reached XP level 7. HP: 25/44 MP: 2/12
  3299 | D:4      | Noticed Robin
  3729 | D:4      | Reached skill level 5 in Fire Magic
  3758 | D:4      | Killed Robin
  3961 | D:4      | Noticed Menkaure
  3965 | D:4      | Killed Menkaure
  3966 | D:4      | Reached skill level 5 in Fighting
  4190 | D:4      | Found a hide-covered altar of Uskayaw.
  4279 | D:5      | Entered Level 5 of the Dungeon
  4286 | D:5      | Found a staircase to the Ecumenical Temple.
  4292 | D:5      | Reached skill level 5 in Maces & Flails
  4346 | D:5      | Reached XP level 8. HP: 42/50 MP: 12/14
  4683 | D:5      | Reached skill level 6 in Fighting
  5551 | D:6      | Reached skill level 5 in Spellcasting
  5802 | D:6      | Reached XP level 9. HP: 36/56 MP: 10/17
  6128 | D:7      | Reached skill level 7 in Fighting
  6229 | D:7      | Found a shimmering blue altar of Sif Muna.
  6233 | D:7      | Found a radiant altar of Vehumet.
  6286 | D:7      | Found a snail-covered altar of Cheibriados.
  6286 | D:7      | Found a shimmering altar of Xom.
  6401 | D:7      | Reached skill level 8 in Fighting
  6406 | D:7      | Reached XP level 10. HP: 44/64 MP: 4/20
  6518 | D:7      | Found the +5 robe of Night {Dark Will+ SInv}
  6823 | D:7      | Identified a scroll of acquirement
  6823 | D:7      | Acquired the Opusculum on the Damaging Welkin
  6831 | D:7      | Learned a level 3 spell: Conjure Flame
  6964 | D:8      | Noticed Maggie
  6974 | D:8      | Killed Maggie
  7206 | D:8      | Found a sand-covered staircase.
  7213 | Ossuary  | Entered an ossuary
  7345 | Ossuary  | Reached skill level 9 in Fighting
  8028 | D:8      | Found a staircase to the Lair.
  8336 | D:8      | Learned a level 4 spell: Flame Wave
  8339 | Lair:1   | Entered Level 1 of the Lair of Beasts
  8361 | Lair:1   | Noticed a cane toad
  8369 | Lair:1   | Killed a cane toad
  8370 | Lair:1   | Reached skill level 1 in Conjurations
  8508 | Lair:1   | Noticed an elephant
  8508 | Lair:1   | Noticed an elephant
  8508 | Lair:1   | Noticed an elephant
  8508 | Lair:1   | Noticed an elephant
  8509 | Lair:1   | Noticed an elephant
  8512 | Lair:1   | Noticed an elephant
  8520 | Lair:1   | Killed an elephant
  8521 | Lair:1   | Reached XP level 11. HP: 37/71 MP: 9/22
  8529 | Lair:1   | HP: 3/72 [elephant (11)]
  8530 | Lair:1   | HP: 1/72 [elephant (10)]
  8807 | Lair:1   | Acquired a book of Conjurations
  8903 | Lair:1   | Reached skill level 10 in Fighting
  9067 | Lair:1   | Learned a level 1 spell: Magic Dart
  9070 | Lair:1   | Learned a level 2 spell: Searing Ray
  9102 | Lair:1   | Noticed a death yak
  9105 | Lair:1   | Noticed a death yak
  9129 | Lair:1   | Slain by a yak

Illustrated notes

Levels and vault maps discovered:
D:1:      dpeg_arrival_more_subterranean_lakeside_camping, layout_rooms,
          ebering_ecumenical_altar_box
D:2:      layout_loops_corners, basic_altar, minmay_hedge_maze, uniq_jessica
D:3:      minmay_evil_eye, layout_loops_corners
D:4:      layout_loops_ring, nicolae_qazlal_scattered_showers,
          marbit_many_paths, uniq_edmund, uniq_robin, uniq_menkaure
D:5:      minmay_general_purpose_star, layout_loops_cross,
          minmay_temple_entry_sparse_star
D:6:      layout_cave_pools, kennysheep_generic_room_3
D:7:      layout_gridville, grunt_temple_overflow_open,
          gammafunk_temple_overflow_statue, hellmonk_guarded_unrand_night
D:8:      layout_basic, david_lair_shrubbed, serial_glass, glass_columns_a,
          glass_columns_b, chequers_ossuary_entry_cave, uniq_maggie
Lair:1:   hellmonk_destroyed_diamonds, layout_hall_layers, grunt_megastairs_3,
          serial_bayou_shore_a

Skill      XL: |  1  2  3  4  5  6  7  8  9 10 11 |
---------------+----------------------------------+-----
Spellcasting   | 2 3 4 5 6 7 8 |  8.2
Fire Magic     | 4 5 6 7 9 |  9.4
Fighting       | 4 5 6 8 9 10 | 10.0
Maces & Flails | 4 5 6 7 8 |  8.4
Conjurations   | 1 3 |  3.5

Action                   |  1- 3 |  4- 6 |  7- 9 | 10-12 || total
-------------------------+-------+-------+-------+-------++-------
Melee: Mace              |    81 |    78 |   139 |   117 ||   415
       Punch             |       |       |       |     2 ||     2
Throw: Javelin           |       |       |     6 |       ||     6
 Cast: Scorch            |     1 |    27 |    77 |    92 ||   197
       Flame Wave        |       |       |       |     7 ||     7
       Conjure Flame     |       |       |       |     2 ||     2
       Searing Ray       |       |       |       |     2 ||     2
       Magic Dart        |       |       |       |     1 ||     1
Invok: Fiery Armour      |     1 |       |     2 |     1 ||     4
       Foxfire Swarm     |       |       |     2 |     3 ||     5
       Rising Flame      |       |       |       |     1 ||     1
  Use: Scroll            |       |    11 |     1 |    13 ||    25
       Potion            |       |       |       |     7 ||     7
Armor: Robe              |    22 |       |       |    84 ||   106
       Leather armour    |    26 |    48 |     5 |       ||    79
       Ring mail         |       |       |    87 |       ||    87
Dodge: Dodged            |    52 |    57 |   106 |   104 ||   319
